TOP OF THE 1ST |
Houston Marshals batting - Pitching for San Francisco Bandits : LHP Esteban Peña
|
Pitching: LHP Esteban Peña
|
|
Batting: RHB Alberto Velásquez
|
0-0: Bunted foul 0-1: Foul Ball, location: 2F 0-2: Ball 1-2: Ball 2-2: Ball 3-2: Base on Balls
|
Batting: LHB John Peterson
|
0-0: Ball 1-0: Foul Ball, location: 2F 1-1: Called Strike 1-2: Ball 2-2: Ball 3-2: Foul Ball, location: 2F 3-2: TRIPLE (Line Drive, 9LM) Alberto Velásquez scores
|
Batting: RHB Chris Parker
|
0-0: Called Strike 0-1: Ball 1-1: Foul Ball, location: 2F 1-2: Ball 2-2: Ball 3-2: Base on Balls
|
Batting: LHB José Rodríguez
|
0-0: Ball 1-0: Fielders Choice at 2nd, 3-6 (Groundball, 34) John Peterson scores
|
Batting: LHB Matt Smith
|
0-0: Called Strike 0-1: Ball 1-1: Ground out 3-1 (Groundball, 34) José Rodríguez to second
|
Batting: LHB Lewis Barr
|
0-0: Ball 1-0: Ball 2-0: Ball 3-0: Called Strike 3-1: Swinging Strike 3-2: Base on Balls
|
Batting: RHB Jim Tracy
|
0-0: Called Strike 0-1: Ball 1-1: Swinging Strike 1-2: Foul Ball, location: 2F 1-2: Ball 2-2: Ball 3-2: Foul Ball, location: 2F 3-2: Foul Ball, location: 2F 3-2: SINGLE (Groundball, 4MD) José Rodríguez to third Lewis Barr to second José Rodríguez scores Lewis Barr to third
|
Batting: RHB Sadao Kimura
|
0-0: Ball 1-0: DOUBLE (Line Drive, 7LM) Lewis Barr scores Jim Tracy to third
|
Batting: RHB Gustavo Díaz
|
0-0: Called Strike 0-1: Foul Ball, location: 2F 0-2: Ground out 5-3 (Groundball, 56)
|
Top of the 1st over - 4 run(s), 3 hit(s), 0 error(s), 2 left on base; Houston 4 - San Francisco 0 |
BOTTOM OF THE 1ST |
San Francisco Bandits batting - Pitching for Houston Marshals : RHP José Gonzáles
|
Pitching: RHP José Gonzáles
|
|
Batting: RHB Raúl Bruno
|
0-0: Called Strike 0-1: Ground out 5-3 (Groundball, 56)
|
Batting: RHB Gustavo Ortíz
|
0-0: Called Strike 0-1: SINGLE (Line Drive, 4)
|
Batting: RHB Owen Carter
|
0-0: Ball 1-0: Grounds into double play, 4-6-3 (Groundball, 4)
|
Bottom of the 1st over - 0 run(s), 1 hit(s), 0 error(s), 0 left on base; Houston 4 - San Francisco 0 |
TOP OF THE 2ND |
Houston Marshals batting - Pitching for San Francisco Bandits : LHP Esteban Peña
|
Batting: RHB Alberto Velásquez
|
0-0: Ball 1-0: Ball 2-0: Swinging Strike 2-1: Foul Ball, location: 2F 2-2: Foul Ball, location: 2F 2-2: Ball 3-2: Strikes out swinging
|
Batting: LHB John Peterson
|
0-0: Foul Ball, location: 2F 0-1: Ball 1-1: Foul Ball, location: 2F 1-2: Ball 2-2: Ball 3-2: Fly out, F8 (Flyball, 89M)
|
Batting: RHB Chris Parker
|
0-0: Called Strike 0-1: Ball 1-1: Foul Ball, location: 2F 1-2: Strikes out looking
|
Top of the 2nd over - 0 run(s), 0 hit(s), 0 error(s), 0 left on base; Houston 4 - San Francisco 0 |
BOTTOM OF THE 2ND |
San Francisco Bandits batting - Pitching for Houston Marshals : RHP José Gonzáles
|
Batting: RHB Juan Mendoza
|
0-0: Ball 1-0: Ground out 6-3 (Groundball, 6S)
|
Batting: LHB Mario García
|
0-0: Ball 1-0: Called Strike 1-1: Fly out, F7 (Line Drive, 7S)
|
Batting: RHB Cory Foster
|
0-0: Ball 1-0: Called Strike 1-1: Ball 2-1: Ball 3-1: Ground out 6-3 (Groundball, 6)
|
Bottom of the 2nd over - 0 run(s), 0 hit(s), 0 error(s), 0 left on base; Houston 4 - San Francisco 0 |
TOP OF THE 3RD |
Houston Marshals batting - Pitching for San Francisco Bandits : LHP Esteban Peña
|
Batting: LHB José Rodríguez
|
0-0: Ball 1-0: Foul Ball, location: 2F 1-1: Ball 2-1: Ball 3-1: Foul Ball, location: 2F 3-2: Ground out 3-1 (Groundball, 34S)
|
Batting: LHB Matt Smith
|
0-0: Ball 1-0: DOUBLE (Flyball, 8LXD)
|
Batting: LHB Lewis Barr
|
0-0: Ball 1-0: Foul Ball, location: 2F 1-1: Called Strike 1-2: Strikes out swinging
|
Batting: RHB Jim Tracy
|
0-0: Foul Ball, location: 2F 0-1: Called Strike 0-2: Ball 1-2: Ball 2-2: Foul Ball, location: 2F 2-2: Ball 3-2: Base on Balls
|
Batting: RHB Sadao Kimura
|
0-0: Called Strike 0-1: Foul Ball, location: 2F 0-2: Ball 1-2: Ball 2-2: Reached on error, E5 (Groundball, 56) Matt Smith to third Jim Tracy to second
|
Batting: RHB Gustavo Díaz
|
0-0: Called Strike 0-1: Foul Ball, location: 2F 0-2: Strikes out swinging
|
Top of the 3rd over - 0 run(s), 1 hit(s), 1 error(s), 3 left on base; Houston 4 - San Francisco 0 |
BOTTOM OF THE 3RD |
San Francisco Bandits batting - Pitching for Houston Marshals : RHP José Gonzáles
|
Batting: LHB Anacleto Morillo
|
0-0: Ball 1-0: Ball 2-0: Ball 3-0: Base on Balls
|
Batting: RHB Ramón Ruíz
|
0-0: Ball 1-0: Ball 2-0: SINGLE (Groundball, 6D) Anacleto Morillo to second
|
Batting: LHB Alberto Gómez
|
0-0: Ball 1-0: Swinging Strike 1-1: Called Strike 1-2: Foul Ball, location: 2F 1-2: Strikes out swinging
|
Batting: RHB Raúl Bruno
|
0-0: Ball 1-0: Fly out, F5 (Line Drive, 56)
|
Batting: RHB Gustavo Ortíz
|
0-0: Foul Ball, location: 2F 0-1: SINGLE (Flyball, 9LS) Anacleto Morillo to third Ramón Ruíz to second Runner from 3rd tries for Home, SAFE, throw made at trailing runner, OUT at third!
|
Bottom of the 3rd over - 1 run(s), 2 hit(s), 0 error(s), 1 left on base; Houston 4 - San Francisco 1 |
TOP OF THE 4TH |
Houston Marshals batting - Pitching for San Francisco Bandits : LHP Esteban Peña
|
Batting: RHB Alberto Velásquez
|
0-0: Ball 1-0: Bunt for hit - play at first, batter OUT! 1-3
|
Batting: LHB John Peterson
|
0-0: Called Strike 0-1: SINGLE (Groundball, 34D)
|
Batting: RHB Chris Parker
|
0-0: Fly out, F8 (Flyball, 8LXD)
|
Batting: LHB José Rodríguez
|
0-0: Called Strike 0-1: Called Strike 0-2: Ball 1-2: Ball 2-2: Foul Ball, location: 2F 2-2: Strikes out swinging
|
Top of the 4th over - 0 run(s), 1 hit(s), 0 error(s), 1 left on base; Houston 4 - San Francisco 1 |
BOTTOM OF THE 4TH |
San Francisco Bandits batting - Pitching for Houston Marshals : RHP José Gonzáles
|
Batting: RHB Owen Carter
|
0-0: Ground out 1-3 (Groundball, 13S)
|
Batting: RHB Juan Mendoza
|
0-0: Foul Ball, location: 2F 0-1: Foul Ball, location: 2F 0-2: Foul Ball, location: 2F 0-2: Ball 1-2: Strikes out swinging
|
Batting: LHB Mario García
|
0-0: Called Strike 0-1: Ground out 6-3 (Groundball, 6)
|
Bottom of the 4th over - 0 run(s), 0 hit(s), 0 error(s), 0 left on base; Houston 4 - San Francisco 1 |
TOP OF THE 5TH |
Houston Marshals batting - Pitching for San Francisco Bandits : LHP Esteban Peña
|
Pitching: RHP Alfonso Martínez
|
|
Batting: LHB Matt Smith
|
0-0: Called Strike 0-1: Called Strike 0-2: Ball 1-2: Strikes out swinging
|
Batting: LHB Lewis Barr
|
0-0: Ball 1-0: Ball 2-0: Foul Ball, location: 2F 2-1: Called Strike 2-2: Ball 3-2: Base on Balls
|
Batting: RHB Jim Tracy
|
0-0: Called Strike 0-1: Swinging Strike 0-2: Ball 1-2: Foul Ball, location: 2F 1-2: Foul Ball, location: 2F 1-2: Ball 2-2: Ball 3-2: Foul Ball, location: 2F 3-2: SINGLE (Groundball, 34D) Lewis Barr to second Lewis Barr to third
|
Batting: RHB Sadao Kimura
|
0-0: Called Strike 0-1: Ball 1-1: Foul Ball, location: 2F 1-2: Ball 2-2: Foul Ball, location: 2F 2-2: Strikes out swinging
|
Batting: RHB Gustavo Díaz
|
0-0: Ball 1-0: Swinging Strike 1-1: Ball 2-1: Fielders Choice at 2nd, 4-6 (Groundball, 4)
|
Top of the 5th over - 0 run(s), 1 hit(s), 0 error(s), 1 left on base; Houston 4 - San Francisco 1 |
BOTTOM OF THE 5TH |
San Francisco Bandits batting - Pitching for Houston Marshals : RHP José Gonzáles
|
Batting: RHB Cory Foster
|
0-0: Called Strike 0-1: Fly out, F7 (Flyball, 7D)
|
Batting: LHB Anacleto Morillo
|
0-0: Ball 1-0: Foul Ball, location: 2F 1-1: Foul Ball, location: 2F 1-2: Ball 2-2: SINGLE (Flyball, 78S)
|
Batting: RHB Ramón Ruíz
|
0-0: Foul Ball, location: 2F 0-1: Foul Ball, location: 2F 0-2: 2-RUN HOME RUN (Flyball, 78XD), Distance : 381 ft
|
Batting: LHB Alberto Gómez
|
0-0: Ball 1-0: Fly out, F7 (Flyball, 7S)
|
Batting: RHB Raúl Bruno
|
0-0: Ball 1-0: Ball 2-0: Called Strike 2-1: Called Strike 2-2: Ball 3-2: Fly out, F8 (Flyball, 8LS)
|
Bottom of the 5th over - 2 run(s), 2 hit(s), 0 error(s), 0 left on base; Houston 4 - San Francisco 3 |
TOP OF THE 6TH |
Houston Marshals batting - Pitching for San Francisco Bandits : RHP Alfonso Martínez
|
Batting: RHB Alberto Velásquez
|
0-0: Ball 1-0: Called Strike 1-1: Foul Ball, location: 2F 1-2: Strikes out looking
|
Batting: LHB John Peterson
|
0-0: Ball 1-0: Ground out 6-3 (Groundball, 6)
|
Batting: RHB Chris Parker
|
0-0: Fly out, F4 (Popup, 3D)
|
Top of the 6th over - 0 run(s), 0 hit(s), 0 error(s), 0 left on base; Houston 4 - San Francisco 3 |
BOTTOM OF THE 6TH |
San Francisco Bandits batting - Pitching for Houston Marshals : RHP José Gonzáles
|
Batting: RHB Gustavo Ortíz
|
0-0: Ball 1-0: Ball 2-0: Fly out, F7 (Flyball, 78XD)
|
Batting: RHB Owen Carter
|
0-0: Foul Ball, location: 2F 0-1: SINGLE (Groundball, 4MD)
|
Batting: RHB Juan Mendoza
|
0-0: Called Strike 0-1: Fly out, F3 (Popup, 34)
|
Batting: LHB Mario García
|
0-0: SINGLE (Flyball, 6MD) Owen Carter to second
|
Batting: RHB Cory Foster
|
0-0: Foul Ball, location: 2F 0-1: SINGLE (Flyball, 8RS) Owen Carter to third Mario García to second Runner from 3rd tries for Home, SAFE, no throw
|
Pitching: RHP Vinícius Itaquy
|
|
Batting: LHB Anacleto Morillo
|
0-0: Called Strike 0-1: Foul Ball, location: 2F 0-2: Ball 1-2: Strikes out looking
|
Bottom of the 6th over - 1 run(s), 3 hit(s), 0 error(s), 2 left on base; Houston 4 - San Francisco 4 |
TOP OF THE 7TH |
Houston Marshals batting - Pitching for San Francisco Bandits : RHP Alfonso Martínez
|
Batting: LHB José Rodríguez
|
0-0: Ball 1-0: Called Strike 1-1: Called Strike 1-2: Strikes out swinging
|
Batting: LHB Matt Smith
|
0-0: Called Strike 0-1: SINGLE (Groundball, 6MD)
|
Pitching: RHP Mal Park
|
|
Batting: LHB Lewis Barr
|
0-0: Fly out, F9 (Line Drive, 9D)
|
Batting: RHB Jim Tracy
|
0-0: Ball 1-0: Foul Ball, location: 2F 1-1: Ball 2-1: Ball 3-1: Fly out, F9 (Flyball, 9)
|
Top of the 7th over - 0 run(s), 1 hit(s), 0 error(s), 1 left on base; Houston 4 - San Francisco 4 |
BOTTOM OF THE 7TH |
San Francisco Bandits batting - Pitching for Houston Marshals : RHP Vinícius Itaquy
|
Batting: RHB Ramón Ruíz
|
0-0: Ball 1-0: Called Strike 1-1: Foul Ball, location: 2F 1-2: Foul Ball, location: 2F 1-2: Ball 2-2: Fly out, F8 (Line Drive, 8RD)
|
Batting: LHB Alberto Gómez
|
0-0: Called Strike 0-1: Swinging Strike 0-2: Ground out U3 (Groundball, 3S)
|
Pinch Hitting: RHB Javier Ramírez
|
0-0: Ball 1-0: Called Strike 1-1: Called Strike 1-2: Ball 2-2: Strikes out looking
|
Bottom of the 7th over - 0 run(s), 0 hit(s), 0 error(s), 0 left on base; Houston 4 - San Francisco 4 |
TOP OF THE 8TH |
Houston Marshals batting - Pitching for San Francisco Bandits : RHP Mal Park
|
Now at SS: Javier Ramírez
|
|
Pinch Hitting: LHB Kent MacDulothe
|
0-0: Ball 1-0: Foul Ball, location: 2F 1-1: Foul Ball, location: 2F 1-2: Strikes out swinging
|
Batting: RHB Gustavo Díaz
|
0-0: Ball 1-0: Ball 2-0: Fly out, F3 (Popup, 34)
|
Pinch Hitting: SHB Ramón Lugo
|
0-0: Foul Ball, location: 2F 0-1: Ball 1-1: Ball 2-1: Foul Ball, location: 2F 2-2: Ball 3-2: Fly out, F4 (Line Drive, 4)
|
Top of the 8th over - 0 run(s), 0 hit(s), 0 error(s), 0 left on base; Houston 4 - San Francisco 4 |
BOTTOM OF THE 8TH |
San Francisco Bandits batting - Pitching for Houston Marshals : RHP Vinícius Itaquy
|
Now at 2B: Ramón Lugo
|
|
Now in CF: Kent MacDulothe
|
|
Batting: RHB Gustavo Ortíz
|
0-0: SINGLE (Flyball, 8RS)
|
Batting: RHB Owen Carter
|
0-0: Ball Gustavo Ortíz steals 2nd base 1-0: Called Strike 1-1: Ball 2-1: Ball 3-1: Fly out, F9 (Flyball, 89D) Runner from 2nd tags up, SAFE at 3rd, no throw
|
Pinch Hitting: LHB Seung-woo Yi
|
0-0: Ball 1-0: Ball 2-0: Called Strike 2-1: Ball 3-1: Foul Ball, location: 2F 3-2: Strikes out swinging
|
Batting: LHB Mario García
|
0-0: Ball 1-0: Called Strike 1-1: Fly out, F7 (Flyball, 7)
|
Bottom of the 8th over - 0 run(s), 1 hit(s), 0 error(s), 1 left on base; Houston 4 - San Francisco 4 |
TOP OF THE 9TH |
Houston Marshals batting - Pitching for San Francisco Bandits : RHP Mal Park
|
Pitching: RHP Mitsunari Taguchi
|
|
Now in LF: Seung-woo Yi
|
|
Batting: LHB John Peterson
|
0-0: Foul Ball, location: 2F 0-1: Fly out, F9 (Line Drive, 89M)
|
Batting: RHB Chris Parker
|
0-0: Ball 1-0: Ball 2-0: Called Strike 2-1: Swinging Strike 2-2: Ball 3-2: Foul Ball, location: 2F 3-2: Strikes out swinging
|
Batting: LHB José Rodríguez
|
0-0: Called Strike 0-1: Ball 1-1: Ball 2-1: Fly out, F6 (Popup, 6D)
|
Top of the 9th over - 0 run(s), 0 hit(s), 0 error(s), 0 left on base; Houston 4 - San Francisco 4 |
BOTTOM OF THE 9TH |
San Francisco Bandits batting - Pitching for Houston Marshals : RHP Vinícius Itaquy
|
Batting: RHB Cory Foster
|
0-0: Called Strike 0-1: Called Strike 0-2: Foul Ball, location: 2F 0-2: Ball 1-2: Foul Ball, location: 2F 1-2: Strikes out swinging
|
Batting: LHB Anacleto Morillo
|
0-0: Called Strike 0-1: Ball 1-1: Ball 2-1: Foul Ball, location: 2F 2-2: Ball 3-2: Base on Balls
|
Batting: RHB Ramón Ruíz
|
0-0: Swinging Strike 0-1: Ball 1-1: Foul Ball, location: 2F 1-2: Fly out, F7 (Flyball, 78S)
|
Batting: LHB Alberto Gómez
|
0-0: Called Strike 0-1: Ball 1-1: Fly out, F3 (Popup, 3S)
|
Bottom of the 9th over - 0 run(s), 0 hit(s), 0 error(s), 1 left on base; Houston 4 - San Francisco 4 |
TOP OF THE 10TH |
Houston Marshals batting - Pitching for San Francisco Bandits : RHP Mitsunari Taguchi
|
Batting: LHB Matt Smith
|
0-0: Ball 1-0: Ball 2-0: Ball 3-0: Called Strike 3-1: Base on Balls
|
Batting: LHB Lewis Barr
|
0-0: Bunted foul 0-1: Bunted foul 0-2: Strikes out looking
|
Batting: RHB Jim Tracy
|
0-0: Swinging Strike 0-1: Foul Ball, location: 2F 0-2: Strikes out looking
|
Batting: LHB Kent MacDulothe
|
0-0: Foul Ball, location: 2F 0-1: Ball 1-1: Fielders Choice at 2nd, 4-6 (Groundball, 4)
|
Top of the 10th over - 0 run(s), 0 hit(s), 0 error(s), 0 left on base; Houston 4 - San Francisco 4 |
BOTTOM OF THE 10TH |
San Francisco Bandits batting - Pitching for Houston Marshals : RHP Vinícius Itaquy
|
Pitching: RHP Pablo Cabral
|
|
Batting: RHB Javier Ramírez
|
0-0: Foul Ball, location: 2F 0-1: Swinging Strike 0-2: Fly out, F8 (Flyball, 8RM)
|
Batting: RHB Gustavo Ortíz
|
0-0: Called Strike 0-1: Ball 1-1: Ground out 4-3 (Groundball, 4)
|
Batting: RHB Owen Carter
|
0-0: Called Strike 0-1: Ground out 4-3 (Groundball, 4)
|
Bottom of the 10th over - 0 run(s), 0 hit(s), 0 error(s), 0 left on base; Houston 4 - San Francisco 4 |
TOP OF THE 11TH |
Houston Marshals batting - Pitching for San Francisco Bandits : RHP Mitsunari Taguchi
|
Pitching: RHP Felipe Reyes
|
|
Pinch Hitting: SHB Juan Gómez
|
0-0: Ball 1-0: Ball 2-0: Ball 3-0: Base on Balls
|
Batting: SHB Ramón Lugo
|
0-0: Bunt missed! 0-1: Bunt missed! 0-2: Ball 1-2: Grounds into double play, 6-4-3 (Groundball, 6)
|
Batting: LHB John Peterson
|
0-0: Ball 1-0: Foul Ball, location: 2F 1-1: Ball 2-1: Called Strike 2-2: SINGLE (Groundball, 4MD)
|
Batting: RHB Chris Parker
|
0-0: Ball 1-0: Swinging Strike 1-1: Ball 2-1: Foul Ball, location: 2F 2-2: Foul Ball, location: 2F 2-2: 2-RUN HOME RUN (Flyball, 7D), Distance : 363 ft
|
Batting: LHB José Rodríguez
|
0-0: Called Strike 0-1: Swinging Strike 0-2: Fly out, F3 (Popup, 3S)
|
Top of the 11th over - 2 run(s), 2 hit(s), 0 error(s), 0 left on base; Houston 6 - San Francisco 4 |
BOTTOM OF THE 11TH |
San Francisco Bandits batting - Pitching for Houston Marshals : RHP Pablo Cabral
|
Now at C: Juan Gómez
|
|
Batting: LHB Seung-woo Yi
|
0-0: Called Strike 0-1: Ball 1-1: Ball 2-1: Called Strike 2-2: Ball 3-2: Reached on error, E6 (Groundball, 56)
|
Batting: LHB Mario García
|
0-0: Called Strike 0-1: Ball 1-1: Ball 2-1: Fly out, F5 (Line Drive, 5)
|
Batting: RHB Cory Foster
|
0-0: Called Strike 0-1: Ball 1-1: Ball 2-1: Foul Ball, location: 2F 2-2: Ball 3-2: Foul Ball, location: 2F 3-2: Strikes out looking
|
Batting: LHB Anacleto Morillo
|
0-0: Called Strike 0-1: Ball 1-1: Called Strike 1-2: Ball 2-2: Ball 3-2: Fly out, F9 (Flyball, 9LS)
|
Bottom of the 11th over - 0 run(s), 0 hit(s), 1 error(s), 1 left on base; Houston 6 - San Francisco 4 |
|